 Dungeon Crawl Stone Soup version 0.25-a0-201-g0bb11aece9 (webtiles) character file.

Game seed: 16218250987730929897, levelgen mode: classic

50231 EnegeticOcto the Champion of Chaos (level 14, -10/135 HPs)
             Began as a Deep Dwarf Fighter on Dec 2, 2019.
             Was the Champion of Makhleb.
             Killed by the raging water
             ... invoked by a water nymph
              (30 damage)
             ... on level 1 of the Shoals.
             The game lasted 00:12:27 (13880 turns).

EnegeticOcto the Champion of Chaos (DDFi)          Turns: 13880, Time: 00:12:27

Health: -10/135    AC: 20    Str: 26    XL:     14   Next: 18%
Magic:  14/14      EV: 14    Int: 12    God:    Makhleb [******]
Gold:   789        SH: 14    Dex: 15    Spells: 13/13 levels left

rFire    . . .     SeeInvis .   G - +5 war axe
rCold    . . .     Gourm    .   c - +1 shield
rNeg     + . .     Faith    .   P - +0 plate armour
rPois    .         Spirit   .   (no helmet)
rElec    .         Reflect  .   L - scarf {cloud immunity}
rCorr    .         Harm     +   (no gloves)
MR       ++...                  T - +0 pair of boots {run}
Stlth    ..........             B - amulet of harm
HPRegen  0.00/turn              S - +3 ring of dexterity
MPRegen  0.14/turn              p - +5 ring of protection

@: non-regenerating, very slow
A: damage resistance, heal wounds, repulsion field 1, clever 1, negative energy
resistance 1, sense surroundings 2, strong 1, no potion heal 1, no regeneration
a: Heal Wounds, Minor Destruction, Lesser Servant of Makhleb, Major Destruction,
Greater Servant of Makhleb, Renounce Religion


You were on level 1 of the Shoals.
You worshipped Makhleb.
Makhleb was exalted by your worship.
You were not hungry.

You visited 3 branches of the dungeon, and saw 19 of its levels.

You collected 992 gold pieces.
You spent 203 gold pieces at shops.

Inventory:

Hand Weapons
 a - a +0 broad axe
 G - a +5 war axe (weapon)
 U - a +3 war axe of chopping
Missiles
 w - a throwing net (quivered) {!f}
Armour
 c - a +1 shield (worn)
 L - a scarf of cloud immunity (worn)
 P - a +0 plate armour (worn)
 T - a +0 pair of boots of running (worn)
Jewellery
 l - an uncursed ring of resist corrosion
 p - a +5 ring of protection (right hand)
 B - an amulet of harm (around neck)
 N - an uncursed ring of see invisible
 S - a +3 ring of dexterity (left hand)
 W - an uncursed ring of positive energy {unknown}
Wands
 m - a wand of paralysis (21)
 t - a wand of iceblast (37)
 y - a wand of polymorph (2)
 z - a wand of disintegration (16)
 A - a wand of acid (4)
 E - a wand of clouds (5)
 J - a wand of flame (26)
Scrolls
 f - 3 scrolls of immolation
 h - 2 scrolls of enchant weapon {@r8}
 i - 12 scrolls of teleportation {@r3}
 v - 4 scrolls of enchant armour
 x - 8 scrolls of blinking {@r4}
 C - 2 scrolls of magic mapping {@r5}
 D - 4 scrolls of remove curse {@r2}
 K - 2 scrolls of fog
 V - 2 scrolls of identify {@r1}
Potions
 d - 3 potions of might {@q3}
 g - 8 potions of haste {@q4}
 j - a potion of invisibility
 k - 6 potions of degeneration
 n - 6 potions of curing {@q1}
 o - 3 potions of mutation
 q - 3 potions of flight
 r - 6 potions of heal wounds {@q2}
 s - 4 potions of brilliance
 u - 3 potions of agility {@q5}
 F - 3 potions of lignification {@q6}
 H - 2 potions of resistance
 M - a potion of ambrosia
 O - 2 potions of magic
 Q - a potion of berserk rage
 R - a potion of cancellation
Miscellaneous
 I - a lamp of fire
Comestibles
 e - 27 rations


   Skills:
 * Level 11.3 Fighting
 * Level 13.0 Axes
 + Level 9.9 Armour
 + Level 9.3 Dodging
 + Level 9.9 Shields
 * Level 14.5 Invocations


You had 13 spell levels left.
You didn't know any spells.
Your spell library contained the following spells:

 Spells                   Type           Power        Failure   Level  Hunger
 Animate Skeleton         Necr           N/A          99%         1    ##.....
 Apportation              Tloc           #.....       99%         1    ##.....
 Confusing Touch          Hex            #.....       99%         1    ##.....
 Flame Tongue             Conj/Fire      #....        99%         1    ##.....
 Infusion                 Chrm           #...         99%         1    ##.....
 Summon Small Mammal      Summ           #...         99%         1    ##.....
 Call Imp                 Summ           #.......     100%        2    ###....
 Shroud of Golubria       Chrm/Tloc      #.....       100%        2    ###....
 Song of Slaying          Chrm           #.......     100%        2    ###....
 Throw Flame              Conj/Fire      #.....       100%        2    ###....
 Call Canine Familiar     Summ           #.......     100%        3    ####...
 Conjure Flame            Conj/Fire      #.......     100%        3    ####...
 Inner Flame              Hex/Fire       #.......     100%        3    ####...
 Recall                   Summ/Tloc      N/A          100%        3    ####...
 Spectral Weapon          Hex/Chrm       #.......     100%        3    ####...
 Summon Guardian Golem    Hex/Summ       #.......     100%        3    ####...
 Sticky Flame             Conj/Fire      #.......     100%        4    #####..
 Summon Ice Beast         Ice/Summ       #.......     100%        4    #####..
 Summon Lightning Spire   Summ/Air       #.......     100%        4    #####..
 Aura of Abjuration       Summ           #.........   100%        5    ######.
 Fireball                 Conj/Fire      #.........   100%        5    ######.
 Summon Demon             Summ           #.........   100%        5    ######.
 Summon Forest            Summ/Tloc      #.........   100%        5    ######.
 Summon Mana Viper        Hex/Summ       #.......     100%        5    ######.
 Shadow Creatures         Summ           N/A          100%        6    #######
 Regeneration             Chrm/Necr      Unusable     N/A         3    N/A

Dungeon Overview and Level Annotations

Branches:
Dungeon (15/15)            Temple (0/1) D:7            Lair (3/6) D:9
 Shoals (1/4) Lair:3       Spider (0/4) Lair:3          Orc (0/2) D:9
 Vaults (0/5) D:14         Depths (0/5) D:15

Altars:
Ashenzari
Dithmenos
Makhleb
Sif Muna

Shops:
D:10 *   D:13 *

Portals:
Trove: D:14 (give horn of Geryon)

Annotations:
D:5 1 runed translucent door, kikaha's ghost, novice OpAM
Lair:1 3 runed translucent doors, grouchysmurf's ghost, journeyman HOMo


Innate Abilities, Weirdness & Mutations

You are resistant to damage.
You can heal yourself by infusing magical energy.
You resist negative energy. (rN+)
You passively map the area around you.
You do not regenerate.
You are surrounded by a mild repulsion field. (EV +2)
Your mind is acute. (Int +2)
Your muscles are strong. (Str +2)
Potions are less effective at restoring your health.


Message History

You see here 22 stones.
Key pressed, stopping explore.
You enter the shallow water.
Moving in this stuff is going to be slow.
There is a staircase to the Shoals here.
You see here a rapier.
You enter the shallow water.
Moving in this stuff is going to be slow.
You enter the shallow water.
Moving in this stuff is going to be slow.
You enter the shallow water.
Moving in this stuff is going to be slow.
Done exploring.
Done exploring.
Done exploring.
No target in view!
No target in view!
No target in view!
No target in view!
No target in view!
(D) Dungeon (T) Temple (L) Lair (A) Shoals (N) Spider Nest (O) Orcish Mines (V) Vaults (U) Depths
Where to? (Enter - Lair:3, ? - help)
What level of the Shoals? (default 1, ? - help)
You see here a rapier.
There is a staircase to the Shoals here.
You climb downwards.
Welcome to the Shoals!
This branch is very noisy, and so sound travels much less far.
This branch contains the barnacled rune of Zot.
A manticore and a water nymph come into view.
The water nymph shouts!
Found a wand of polymorph (12), a scale mail, 25 gold pieces and a morningstar.
Found a stone staircase leading down.
There is a staircase back to the Lair here.
The manticore bites you but does no damage.
The manticore claws you but does no damage.
You block the manticore's attack.
You slash the manticore!
The manticore is moderately wounded.
You block the manticore's attack.
The manticore claws you but does no damage. x2
You hit the manticore.
The manticore is moderately wounded.
The manticore closely misses you. The manticore claws you!
The manticore closely misses you.
You slice the manticore!!
The manticore is almost dead.
You hear an angry hiss.
The manticore bites you.
The manticore claws you but does no damage.
You block the manticore's attack.
Splash!
You fall into the shallow water.
Moving in this stuff is going to be slow.
You slash the manticore!
You kill the manticore!
Makhleb accepts your kill.
You feel better.
You closely miss the water nymph. You block the water nymph's attack.
You hit the water nymph but do no damage.
A wind drake comes into view.
You block the water nymph's attack.
Your unstable footing causes you to fumble your attack.
The wind drake exhales a fierce blast of wind!
You are blown backwards!
Your unstable footing causes you to fumble your attack.
The water nymph casts a spell at you. The water swirls and strikes you!
You closely miss the water nymph. The water nymph touches you.
The water nymph drowns you!
You slice the water nymph!!
The water nymph is severely wounded.
The water nymph gestures at you while chanting.
The water swirls and strikes you!!
Your unstable footing causes you to fumble your attack.
The water nymph gestures at you while chanting.
The water swirls and strikes you!!
* * * LOW HITPOINT WARNING * * *
The wind drake flaps its wings at you. The air twists around and strikes you!
* * * LOW HITPOINT WARNING * * *
You are too injured to fight recklessly!
You are too injured to fight recklessly!
You are too injured to fight recklessly!
You are too injured to fight recklessly!
You are too injured to fight recklessly!
You are too injured to fight recklessly!
You are too injured to fight recklessly!
You are too injured to fight recklessly!
You are too injured to fight recklessly!
You are too injured to fight recklessly!
You are too injured to fight recklessly!
You are too injured to fight recklessly!
You fail to use your ability.
The wind drake flaps its wings at you. The air twists around and strikes you!
* * * LOW HITPOINT WARNING * * *
The water nymph gestures at you while chanting.
The water swirls and strikes you!!
You die...

≈≈ .......** * ≈ ≈
,, ≈ ≈......... ≈ ≈
≈ ≈≈≈≈≈≈......
≈≈≈≈≈.≈ ≈ ≈ ≈
≈≈≈.≈≈..., ≈≈≈≈≈≈≈
≈ ≈ ≈≈≈≈≈≈≈≈.
,..≈≈≈≈≈ ≈ ≈ ≈
≈≈≈≈≈≈≈≈≈# ..≈≈...
≈ ≈≈ ≈≈≈≈≈≈≈≈##
.$≈≈... ≈ ≈
≈≈≈≈≈≈≈k≈##/.≈....
≈ ≈ ≈
≈≈≈≈≈≈≈@m≈...>...≈
≈ ≈
≈≈≈≈≈≈≈≈≈≈<......≈
≈≈≈ ≈
≈≈≈≈≈≈≈≈≈........≈
≈ ≈ ≈≈
≈≈≈≈≈.≈≈≈..≈≈..[≈≈≈
≈≈
≈≈≈≈≈..≈.≈≈≈≈≈≈≈≈≈≈
≈ ≈≈ ≈
≈≈≈≈≈≈≈)≈≈≈≈≈≈≈≈≈≈
≈ ≈ ≈ ≈
≈≈≈≈≈≈≈≈≈≈≈≈≈≈≈≈≈≈
≈
≈≈≈≈≈≈≈≈≈≈≈≈≈≈≈≈≈≈
≈ ≈ ≈≈
≈≈≈≈≈≈≈≈≈≈≈≈≈≈≈≈≈≈


You could see a wind drake and a water nymph.

Vanquished Creatures
  A dire elephant (D:15)
  Snorg (D:10)
  Josephine (D:12)
  4 vault guards (D:14)
  4 hydras
  A naga warrior (D:13)
  A death knight (D:13)
  3 centaur warriors
  2 two-headed ogres (D:13)
  3 skeletal warriors (D:15)
  2 unseen horrors
  Pikel (D:6)
  An orc knight (D:15)
  6 ugly things
  4 manticores
  A deep elf mage (D:14)
  3 cyclopes
  3 centaur zombies
  2 wolf spiders
  A black mamba (shapeshifter) (D:15)
  6 spiny frogs
  2 gargoyles (D:12)
  2 kobold demonologists (D:14)
  4 komodo dragons
  An efreet (D:14)
  3 yaktaurs (D:15)
  A polar bear (Lair:2)
  7 trolls
  10 slime creatures (D:12)
  A meliai zombie (D:12)
  4 hippogriffs
  3 shadows
  5 wraiths
  19 yaks
  A hog (shapeshifter) (D:13)
  2 basilisks
  10 vampire mosquitoes
  A basilisk (shapeshifter) (D:10)
  2 hungry ghosts
  Menkaure (D:7)
  Edmund (D:6)
  A warg (D:15)
  A two-headed ogre zombie (D:9)
  An acid dragon (D:13)
  Duvessa (D:7)
  A soldier ant (D:12)
  5 water moccasins
  3 porcupines
  4 sky beasts
  An eye of draining (D:14)
  5 orc warriors
  A slave (D:6)
  2 phantoms
  A black bear (D:6)
  A hornet zombie (D:13)
  4 ice beasts
  12 ogres
  17 centaurs
  3 crocodiles (Lair:2)
  3 big kobolds
  Blork the orc (D:6)
  13 bullfrogs
  2 wyvern zombies
  A wyvern skeleton (D:11)
  4 scorpions
  A water moccasin skeleton (D:5)
  Dowan (D:7)
  16 killer bees
  A troll zombie (D:9)
  17 wights
  2 howler monkeys (D:13)
  4 electric eels (D:9)
  8 crimson imps
  A quasit (D:9)
  3 bullfrog zombies
  2 centaur skeletons
  4 jellies
  8 orc wizards
  5 orc priests
  2 bullfrog skeletons
  5 hounds
  8 iguanas
  10 worker ants
  6 ogre zombies (D:9)
  2 hound skeletons
  A worker ant zombie (D:7)
  A howler monkey skeleton (D:6)
  7 gnolls
  5 adders
  4 shadow imps
  An adder skeleton (D:5)
  A worm (D:3)
  6 dart slugs
  3 leopard geckos
  28 orcs
  5 giant cockroaches
  6 goblins
  7 hobgoblins
  18 jackals
  4 bats
  3 frilled lizards
  2 giant cockroach zombies
  A goblin skeleton (D:9)
  3 goblin zombies (D:9)
  A hobgoblin skeleton (D:9)
  5 hobgoblin zombies (D:9)
  14 kobolds
  3 orc skeletons (D:9)
  12 orc zombies (D:9)
  A quokka skeleton (D:9)
  A quokka zombie (D:6)
  5 rats
  A fungus (Lair:2)
474 creatures vanquished.

Vanquished Creatures (collateral kills)
  2 hydras
  A wyvern (D:14)
  A crocodile (Lair:1)
4 creatures vanquished.

Vanquished Creatures (others)
  A slave (D:6)
  A jelly (D:6)
  A leopard gecko skeleton (D:6)
  3 plants (D:9)
6 creatures vanquished.

Grand Total: 484 creatures vanquished

Notes
Turn   | Place    | Note
-------+----------+-------------------------------------------
     0 | D:1      | EnegeticOcto the Deep Dwarf Fighter began the quest for the
                  | Orb.
     0 | D:1      | Reached XP level 1. HP: 20/20 MP: 1/1
    94 | D:1      | Reached XP level 2. HP: 24/27 MP: 2/2
   733 | D:2      | Reached XP level 3. HP: 30/34 MP: 3/3
   754 | D:2      | Reached skill level 1 in Dodging
   804 | D:2      | Found a faded altar of an unknown god.
   852 | D:2      | Found a shimmering blue altar of Sif Muna.
  1015 | D:2      | Became a worshipper of Ashenzari the Shackled
  1015 | D:2      | Reached * piety under Ashenzari
  1482 | D:3      | Reached XP level 4. HP: 39/42 MP: 4/4
  1617 | D:3      | Gained mutation: Your mind is acute. (Int +2) [potion of
                  | mutation]
  1617 | D:3      | Gained mutation: Potions are less effective at restoring
                  | your health. [potion of mutation]
  1617 | D:3      | Gained mutation: You are surrounded by a mild repulsion
                  | field. (EV +2) [potion of mutation]
  1617 | D:3      | Gained mutation: Your muscles are strong. (Str +2) [potion
                  | of mutation]
  1975 | D:4      | Found a burning altar of Makhleb.
  1985 | D:4      | Fell from the grace of Ashenzari
  1985 | D:4      | Became a worshipper of Makhleb the Destroyer
  2045 | D:4      | Reached skill level 1 in Invocations
  2045 | D:4      | Reached XP level 5. HP: 43/49 MP: 5/5
  2098 | D:4      | Noticed an ogre
  2104 | D:4      | Noticed an ogre
  2108 | D:4      | Killed an ogre
  2108 | D:4      | Was forgiven by Ashenzari
  2108 | D:4      | Reached skill level 2 in Invocations
  2108 | D:4      | Reached XP level 6. HP: 27/57 MP: 5/7
  2252 | D:4      | Reached skill level 3 in Invocations
  2372 | D:4      | Reached XP level 7. HP: 51/64 MP: 9/9
  2856 | D:5      | Entered Level 5 of the Dungeon
  2920 | D:5      | Reached * piety under Makhleb
  2982 | D:5      | Reached skill level 4 in Invocations
  2989 | D:5      | Reached skill level 5 in Axes
  3069 | D:5      | Found a runed translucent door.
  3075 | D:5      | Noticed kikaha's ghost (novice OpAM)
  3343 | D:5      | Reached XP level 8. HP: 44/73 MP: 11/11
  3475 | D:5      | Reached skill level 5 in Fighting
  3475 | D:5      | Reached skill level 5 in Invocations
  3736 | D:6      | Found a glowing drain.
  3766 | D:6      | Reached skill level 5 in Shields
  3791 | D:6      | Reached skill level 5 in Armour
  3908 | D:6      | Noticed Pikel
  3937 | D:6      | Killed Pikel
  3937 | D:6      | Reached skill level 6 in Invocations
  3937 | D:6      | Gained mutation: You passively map the area around you.
                  | [Deep Dwarf growth]
  3937 | D:6      | Reached XP level 9. HP: 51/82 MP: 13/13
  4226 | D:6      | Noticed Edmund
  4256 | D:6      | Killed Edmund
  4343 | D:6      | Reached skill level 7 in Invocations
  4401 | D:6      | Noticed Blork the orc
  4403 | D:6      | Killed Blork the orc
  4403 | D:6      | Reached ** piety under Makhleb
  4483 | D:7      | Noticed Menkaure
  4491 | D:7      | Killed Menkaure
  4549 | D:7      | Found a staircase to the Ecumenical Temple.
  4737 | D:7      | Found a shadowy altar of Dithmenos.
  4972 | D:7      | Noticed Duvessa
  4972 | D:7      | Noticed Dowan
  4989 | D:7      | Killed Dowan
  4999 | D:7      | Killed Duvessa
  4999 | D:7      | Reached skill level 8 in Invocations
  5182 | D:8      | Reached skill level 5 in Dodging
  5939 | D:9      | Reached XP level 10. HP: 68/92 MP: 14/14
  5950 | D:9      | Reached *** piety under Makhleb
  5994 | D:9      | Reached skill level 9 in Invocations
  6299 | D:9      | Reached **** piety under Makhleb
  6354 | D:9      | Found a staircase to the Lair.
  6495 | D:9      | Found a staircase to the Orcish Mines.
  6515 | D:9      | Reached ***** piety under Makhleb
  6893 | D:10     | Entered Level 10 of the Dungeon
  7037 | D:10     | Noticed Snorg
  7039 | D:10     | Noticed an unseen horror
  7065 | D:10     | Killed Snorg
  7065 | D:10     | Reached skill level 10 in Invocations
  7065 | D:10     | Reached XP level 11. HP: 39/103 MP: 13/13
  7073 | D:10     | Killed an unseen horror
  7543 | D:10     | Found Napible's General Store.
  7548 | D:10     | Bought a +0 pair of boots for 63 gold pieces
  7548 | D:10     | Bought a potion of haste for 140 gold pieces
  7989 | D:12     | Noticed a seven-headed hydra
  8002 | D:12     | Killed a seven-headed hydra
  8003 | D:12     | Reached skill level 11 in Invocations
  8006 | D:12     | Reached skill level 10 in Axes
  8052 | D:12     | Noticed a red ugly thing
  8060 | D:12     | Killed a red ugly thing
  8077 | D:12     | Noticed a four-headed hydra
  8082 | D:12     | Killed a four-headed hydra
  8418 | D:12     | HP: 1/106 [slime creature (8)]
  8660 | D:12     | Noticed Josephine
  8668 | D:12     | Killed Josephine
  8668 | D:12     | Reached XP level 12. HP: 113/114 MP: 12/12
  9326 | D:13     | Reached skill level 12 in Invocations
  9385 | D:13     | Found Esac's Serpentskin Sales.
  9385 | D:13     | Noticed a naga warrior
  9404 | D:13     | Killed a naga warrior
  9489 | D:13     | Noticed a death knight
  9499 | D:13     | Reached ****** piety under Makhleb
  9504 | D:13     | Killed a death knight
  9518 | D:13     | Noticed a two-headed ogre
  9518 | D:13     | Noticed a two-headed ogre
  9532 | D:13     | Killed a two-headed ogre
  9533 | D:13     | Killed a two-headed ogre
  9634 | D:13     | Noticed a centaur warrior
  9650 | D:13     | Killed a centaur warrior
  9650 | D:13     | Reached skill level 10 in Fighting
  9738 | D:13     | Noticed a centaur warrior
  9746 | D:13     | Killed a centaur warrior
  9934 | D:14     | Found a gate to the Vaults.
  9934 | D:14     | Noticed a vault guard
  9934 | D:14     | Noticed a vault guard
  9934 | D:14     | Noticed a vault guard
  9935 | D:14     | Noticed a vault guard
  9958 | D:14     | Killed a vault guard
  9958 | D:14     | Reached skill level 13 in Invocations
  9958 | D:14     | Reached XP level 13. HP: 123/123 MP: 0/12
 10502 | D:14     | Found a portal to a secret trove of treasure.
 10698 | D:15     | Entered Level 15 of the Dungeon
 11031 | D:15     | Reached skill level 14 in Invocations
 11258 | D:15     | Found a staircase to the Depths.
 11258 | D:15     | Noticed a dire elephant
 11286 | D:15     | Killed a dire elephant
 11688 | Lair:1   | Entered Level 1 of the Lair of Beasts
 11810 | Lair:1   | Found a runed translucent gate.
 11810 | Lair:1   | Found a runed translucent gate.
 11812 | Lair:1   | Found a runed translucent gate.
 11814 | Lair:1   | Noticed grouchysmurf's ghost (journeyman HOMo)
 11815 | Lair:1   | Noticed a minotaur
 11923 | Lair:1   | Identified a +0 pair of boots of running (You found it on
                  | level 1 of the Lair of Beasts)
 12482 | Lair:2   | Gained mutation: You resist negative energy. (rN+) [Deep
                  | Dwarf growth]
 12482 | Lair:2   | Reached XP level 14. HP: 135/135 MP: 14/14
 12638 | Lair:2   | Identified a scroll of acquirement
 12658 | Lair:2   | Identified the +4 hand axe of Ahopsu {flame, *Corrode Int+9
                  | Dex+3} (You found it on level 2 of the Lair of Beasts)
 13326 | Lair:3   | Found a staircase to the Shoals.
 13496 | Lair:3   | Found a hole to the Spider Nest.
 13867 | Shoals:1 | Entered Level 1 of the Shoals
 13880 | Shoals:1 | Killed from afar by a water nymph

Levels and vault maps discovered:
D:1:      mrwooster_arrival_arrow, layout_basic, minmay_bisected
D:2:      layout_loops_ring, chequers_ecumenical_altar_simple, led_sif_pool
D:3:      layout_loops_ring, first_ration
D:4:      layout_basic, makhleb_heckhound_becter
D:5:      layout_gridville, ebering_ghost_reflecting_pool
D:6:      layout_loops_ring, gup_sewer_entry_glass, minmay_manual_monstrance,
          uniq_pikel, uniq_edmund, uniq_blork_the_orc
D:7:      layout_loops_cross, grunt_dithmenos_smoke_and_mirrors,
          minmay_temple_entry_drinking_statues, grunt_ogre_cave, uniq_duvessa,
          uniq_menkaure
D:8:      layout_basic, minmay_unpleasant_kobolds
D:9:      layout_roguey, dpeg_oklobed_lair, zombieorc2_lemuel, serial_bayou,
          serial_bayou_pond_d, serial_bayou_pond_a, serial_bayou_lake_a,
          serial_bayou_pond_d, minmay_misc_feat_diagonals,
          kennysheep_small_spiral
D:10:     layout_irregular_city, serial_shops, kennysheep_little_box, uniq_snorg
D:11:     layout_basic
D:12:     layout_layer_cave, uniq_josephine
D:13:     layout_basic, guppyfry_shop_venom
D:14:     layout_loops_ring, lightli_vaults_fourway_checkpoint, enter_trove_3
D:15:     hangedman_depths_entry_try_elsewhere_first, layout_irregular_city,
          chequers_serial_rivers_micro_b, chequers_serial_rivers_micro_b,
          drop_trap
Lair:1:   layout_roguey, maelrawn_ghost_gauntlet_escape
Lair:2:   layout_gridlike
Lair:3:   layout_hall_layers, elwin_shoals_entry_rocks,
          spider_nest_entry_web_field
Shoals:1: layout_shoals, uniq_louise

Skill      XL: |  1  2  3  4  5  6  7  8  9 10 11 12 13 14 |
---------------+-------------------------------------------+-----
Fighting       | 3 4 5 6 8 9 10 11 | 11.3
Dodging        | 1 2 3 4 5 6 7 8 9 |  9.3
Axes           | 3 4 5 6 7 9 10 11 12 13 | 13.0
Invocations    | 1 2 3 4 6 8 10 11 13 14 | 14.5
Armour         | 4 5 6 7 8 9 |  9.9
Shields        | 4 5 6 7 8 9 |  9.9

Action                   |  1- 3 |  4- 6 |  7- 9 | 10-12 | 13-15 || total
-------------------------+-------+-------+-------+-------+-------++-------
Melee: War axe           |   112 |   151 |   470 |   636 |   431 ||  1800
Invok: Greater Servant o |       |       |       |       |     2 ||     2
       Lesser Servant of |       |       |       |       |     1 ||     1
 Abil: Heal Wounds       |     1 |     2 |     9 |    25 |     1 ||    38
Evoke: Wand              |       |       |       |    19 |     8 ||    27
  Use: Scroll            |       |     6 |    10 |     7 |     9 ||    32
       Potion            |       |     2 |       |       |       ||     2
 Stab: Confused          |       |       |       |     1 |       ||     1
  Eat: Chunk             |     2 |     3 |    12 |    16 |     6 ||    39
       Ration            |       |       |       |       |     2 ||     2
Armor: Scale mail        |    51 |    78 |    10 |       |       ||   139
       Chain mail        |       |       |   173 |   218 |       ||   391
       Skin              |       |       |    21 |       |       ||    21
       Plate armour      |       |       |       |    61 |   162 ||   223
Dodge: Dodged            |    43 |    74 |   160 |   319 |   144 ||   740
Block: Shield            |    74 |    81 |   265 |   537 |   272 ||  1229

Table legend:
 A = Non-vault XP
 B = Vault XP
 C = Vault XP percentage of total XP
 D = Non-vault monster count
 E = Vault monster count
 F = Vault count percentage of total count
                 A         B        C        D         E       F
            +---------+---------+-------+---------+---------+-------
      Total |   57175 |   14584 |  20.3 |     399 |      77 |  16.2
            +---------+---------+-------+---------+---------+-------
        D:1 |      27 |       5 |  15.6 |      14 |       3 |  17.6
        D:2 |      31 |       0 |   0.0 |      10 |       0 |   0.0
        D:3 |      75 |       0 |   0.0 |      18 |       0 |   0.0
        D:4 |     737 |      40 |   5.1 |      23 |       1 |   4.2
        D:5 |     670 |       0 |   0.0 |      18 |       0 |   0.0
        D:6 |     988 |    1018 |  50.7 |      24 |       5 |  17.2
        D:7 |     792 |     498 |  38.6 |      17 |       4 |  19.0
        D:8 |     536 |     110 |  17.0 |      16 |       6 |  27.3
        D:9 |    3664 |     749 |  17.0 |      53 |      36 |  40.4
       D:10 |    1949 |    1062 |  35.3 |      12 |       1 |   7.7
       D:11 |    1898 |       0 |   0.0 |      26 |       0 |   0.0
       D:12 |    9343 |    1898 |  16.9 |      47 |       5 |   9.6
       D:13 |    9960 |     936 |   8.6 |      30 |       1 |   3.2
       D:14 |    3765 |    5412 |  59.0 |      14 |      11 |  44.0
       D:15 |   13127 |    2856 |  17.9 |      42 |       4 |   8.7
     Lair:1 |    1836 |       0 |   0.0 |       7 |       0 |   0.0
     Lair:2 |    2870 |       0 |   0.0 |      14 |       0 |   0.0
     Lair:3 |    4381 |       0 |   0.0 |      13 |       0 |   0.0
   Shoals:1 |     526 |       0 |   0.0 |       1 |       0 |   0.0
            +---------+---------+-------+---------+---------+-------
